 Dungeon Crawl Stone Soup version 0.24-a0-417-g1cce26a4d2 (webtiles) character file.

Game seed: 10908343879124606220

59 PentaManta the Ducker (level 4, 0/37 HPs)
             Began as a Merfolk Monk on June 10, 2019.
             Slain by an ice beast (3 damage)
             ... on level 4 of the Dungeon.
             The game lasted 00:05:33 (2224 turns).

PentaManta the Ducker (Merfolk Monk)                Turns: 2224, Time: 00:05:34

Health: 0/37       AC:  5    Str: 12    XL:     4   Next: 3%
Magic:  4/4        EV: 13    Int:  9    God:
Gold:   129        SH:  5    Dex: 16    Spells: 3/3 levels left

rFire    . . .     SeeInvis .   a - +0 spear
rCold    . . .     Gourm    .   (no shield)
rNeg     . . .     Faith    .   j - +0 ring mail
rPois    .         Spirit   .   (no helmet)
rElec    .         Reflect  +   (no cloak)
rCorr    .         Harm     .   (no gloves)
MR       .....                  (no boots)
Stlth    +.........             q - +5 amulet of reflection
HPRegen  0.12/turn              (no ring)
MPRegen  0.09/turn              (no ring)

@: no status effects
A: change form in water, swift swim, stealthy swim
a: no special abilities


You were on level 4 of the Dungeon.
You were very hungry.

You visited 1 branch of the dungeon, and saw 5 of its levels.

You collected 129 gold pieces.

Inventory:

Hand Weapons
 a - a +0 spear (weapon)
Armour
 j - a +0 ring mail (worn)
 n - a +0 chain mail
 p - a +0 scale mail
Jewellery
 q - a +5 amulet of reflection (around neck)
 t - an uncursed ring of poison resistance {unknown}
Wands
 w - a wand of acid (9)
Scrolls
 d - a scroll of fear
 e - 3 scrolls of teleportation
 g - 5 scrolls of identify {unknown}
 k - 3 scrolls of magic mapping
 l - a scroll of immolation {unknown}
 m - 2 scrolls of enchant armour {unknown}
 o - 4 scrolls of remove curse
 r - a scroll of noise {unknown}
 s - a scroll of enchant weapon {unknown}
 y - a scroll of blinking {unknown}
Potions
 b - a potion of might {unknown}
 f - 2 potions of curing {unknown}
 h - a potion of magic {unknown}
 i - a potion of brilliance {unknown}
 u - a potion of invisibility {unknown}
 v - a potion of flight {unknown}
 x - a potion of cancellation {unknown}
 z - a potion of degeneration {unknown}
 A - a potion of heal wounds {unknown}
Comestibles
 c - 10 rations


   Skills:
 * Level 4.2 Fighting
 + Level 5.0 Polearms
 * Level 5.1 Dodging
 - Level 2.1 Stealth


You had 3 spell levels left.
You didn't know any spells.
Your spell library was empty.

Dungeon Overview and Level Annotations

Branches:
Dungeon (5/15)             Temple (0/1) D:4

Altars:


Message History

The boomerang hits you but does no damage.
The weapon returns to the orc!
The orc throws a boomerang.
The boomerang completely misses you.
The weapon returns to the orc!
The orc throws a boomerang.
The boomerang closely misses you.
The weapon returns to the orc!
The orc throws a boomerang.
The boomerang closely misses you.
The weapon returns to the orc!
There is a stone staircase leading down here.
Unknown command.
You climb downwards.
An ice beast comes into view.
The ice beast hits you. The ice beast freezes you!
There is a stone staircase leading up here.
The ice beast hits you. The ice beast freezes you!
* * * LOW HITPOINT WARNING * * *
You climb upwards.
There is a stone staircase leading down here.
The ice beast hits you.
You die...

###########.......
#####..(..............
#.........#####.......
#.........#####.......
......................
#.........#####.......
+.......###...........
#####.#.# #.##########
#@#.###.##########
#>Y...............
##+#.###.#####.....
#.........# .....#
#.........# .....#
#....o.o..##.......
#.........##.......
#........o##.......
+......o..##......#


You could see an ice beast, 2 orc priests and an orc.

Vanquished Creatures
  An ooze (D:1)
  An adder skeleton (D:2)
  A worm (D:3)
  2 dart slugs (D:1)
  2 leopard geckos
  An orc (D:4)
  A ball python (D:3)
  2 giant cockroaches
  6 goblins
  7 hobgoblins
  2 kobolds
  A quokka (D:3)
  5 bats
  5 frilled lizards (D:1)
  2 rats (D:1)
39 creatures vanquished.

Notes
Turn   | Place    | Note
-------+----------+-------------------------------------------
     0 | D:1      | PentaManta the Merfolk Monk began the quest for the Orb.
     0 | D:1      | Reached XP level 1. HP: 18/18 MP: 1/1
   114 | D:1      | Reached XP level 2. HP: 18/24 MP: 2/2
   615 | D:1      | Reached XP level 3. HP: 29/30 MP: 3/3
  1550 | D:3      | Reached skill level 5 in Dodging
  1553 | D:3      | Reached skill level 5 in Polearms
  1748 | D:4      | Found a staircase to the Ecumenical Temple.
  1766 | D:4      | Reached XP level 4. HP: 4/37 MP: 4/4
  1808 | D:5      | Entered Level 5 of the Dungeon
  1808 | D:5      | Noticed a phantom
  2221 | D:5      | Noticed an ice beast
  2224 | D:4      | Slain by an ice beast

Levels and vault maps discovered:
D:1:      dpeg_arrival_leaves_temple_mockup, layout_loops_ring,
          serial_bayou_lagoon_a, dk_noncrumbling_3, grunt_decor_fettered,
          minmay_heptomino_o4
D:2:      layout_rooms
D:3:      layout_rooms
D:4:      layout_basic, kennysheep_mini, minmay_temple_entry_antechambers,
          first_ration
D:5:      layout_cave_pods, serial_shops, shop, uniq_eustachio

Skill      XL: |  1  2  3 |
---------------+----------+-----
Fighting       | 4 |  4.2
Dodging        | 5 |  5.1
Polearms       | 5 |  5.0
Stealth        | |  2.1

Action                   |  1- 3 |  4- 6 || total
-------------------------+-------+-------++-------
Melee: Spear             |   130 |     5 ||   135
Throw: Dart              |     2 |       ||     2
  Use: Scroll            |     4 |     1 ||     5
 Stab: Sleeping          |     3 |       ||     3
  Eat: Chunk             |     3 |       ||     3
Armor: Robe              |     2 |       ||     2
       Ring mail         |    19 |    11 ||    30
Dodge: Dodged            |    56 |    21 ||    77
Block: Other             |     4 |     7 ||    11
       Reflection        |       |     2 ||     2

Table legend:
 A = Non-vault XP
 B = Vault XP
 C = Vault XP percentage of total XP
 D = Non-vault monster count
 E = Vault monster count
 F = Vault count percentage of total count
                 A         B        C        D         E       F
            +---------+---------+-------+---------+---------+-------
      Total |      80 |       5 |   5.9 |      36 |       3 |   7.7
            +---------+---------+-------+---------+---------+-------
        D:1 |      47 |       5 |   9.6 |      22 |       3 |  12.0
        D:2 |      16 |       0 |   0.0 |       7 |       0 |   0.0
        D:3 |      12 |       0 |   0.0 |       5 |       0 |   0.0
        D:4 |       5 |       0 |   0.0 |       2 |       0 |   0.0
            +---------+---------+-------+---------+---------+-------
